 Dungeon Crawl Stone Soup version 0.20.1-1-g8b1a95d (webtiles) character file.

14748 veneficus the Martial Artist (level 11, -11/97 HPs)
             Began as a Grey Draconian Transmuter on Nov 8, 2017.
             Was a Priest of Makhleb.
             Mangled by a four-headed hydra (12 damage)
             ... on level 2 of the Lair of Beasts.
             The game lasted 00:43:33 (17604 turns).

veneficus the Martial Artist (DrTm)                Turns: 17604, Time: 00:43:34

Health: -11/97     AC:  2    Str: 17    XL:     11   Next: 92%
Magic:  17/20      EV: 30    Int: 14    God:    Makhleb [***...]
Gold:   833        SH:  0    Dex: 20    Spells: 6/23 levels left

rFire    . . .     SeeInvis .     - Unarmed
rCold    . . .     Gourm    .   (shield currently unavailable)
rNeg     . . .     Faith    .   (armour unavailable)
rPois    x         Spirit   .   (helmet currently unavailable)
rElec    .         Reflect  .   (cloak currently unavailable)
rCorr    .         Harm     .   (gloves currently unavailable)
MR       .....                  (boots currently unavailable)
Stlth    ++........             (no amulet)
Regen    0.3/turn               T - +4 ring of evasion
MPRegen  0.2/turn               D - +5 ring of strength

@: spider-form
A: (walk through water), unfitting armour, AC +12
a: End Transformation, Minor Destruction, Lesser Servant of Makhleb, Renounce
Religion


You were on level 2 of the Lair of Beasts.
You worshipped Makhleb.
Makhleb was most pleased with you.
You were hungry.
You were a venomous arachnid creature.
You visited 2 branches of the dungeon, and saw 12 of its levels.

You collected 833 gold pieces.

Inventory:

Hand Weapons
 C - the cursed +2 hunting sling of Mesozef (melded) {flame, Str+4 Dex+2}
   (You found it on level 4 of the Dungeon)

   It causes projectiles fired from it to burn those they strike, causing extra
   injury to most foes and up to half again as much damage against particularly
   susceptible opponents.
   It affects your strength (+4).
   It affects your dexterity (+2).
   It has a curse placed upon it.
Missiles
 I - 46 sling bullets
Armour
 o - a +0 pair of gloves (melded)
 y - a +1 pair of boots (melded)
Jewellery
 f - an uncursed ring of flight
 n - an uncursed ring of wizardry
 p - an uncursed ring of protection from fire
 t - an uncursed ring of positive energy
 D - a +5 ring of strength (right front leg)
 E - an uncursed ring of protection from cold
 T - a +4 ring of evasion (left front leg)
 W - an uncursed ring of protection from magic
 X - an uncursed ring of ice
Wands
 L - a wand of acid (5/15)
 N - a wand of disintegration (17/24)
 R - a wand of polymorph (5/24)
 U - a wand of acid (9/15)
 Y - a wand of disintegration (10/24)
Scrolls
 e - 5 scrolls of remove curse
 g - 2 scrolls of enchant weapon
 h - 2 scrolls of fear
 q - 2 scrolls of teleportation
 v - 3 scrolls of blinking
 w - a scroll of magic mapping
 x - 2 scrolls of enchant armour
 z - 2 scrolls of fog
 G - a scroll of amnesia {unknown}
 O - a scroll of torment {unknown}
 P - a scroll of vulnerability {unknown}
 V - a scroll of recharging {unknown}
Potions
 d - 4 potions of flight
 i - 2 potions of magic
 j - 3 potions of berserk rage
 l - 2 potions of ambrosia
 m - 4 potions of cancellation
 s - 5 potions of mutation
 u - 2 potions of haste
 A - 3 potions of agility
 F - 2 potions of might
 H - 4 potions of brilliance
Books
 a - the Reference Book on Confrontation and the Oath
   (You found it on level 1 of the Lair of Beasts)

   Spells                             Type                      Level
   a - Corona                         Hexes                        1
   b - Dazzling Spray                 Conjuration/Hexes            3
   c - Bolt of Draining               Conjuration/Necromancy       5
   d - Iskenderun's Battlesphere      Conjuration/Charms           5
 b - a book of Changes

   Spells                             Type                      Level
   a - Beastly Appendage              Transmutation                1
   b - Sticks to Snakes               Transmutation                2
   c - Spider Form                    Transmutation/Poison         3
   d - Ice Form                       Ice/Transmutation            4
   e - Blade Hands                    Transmutation                5
 r - a book of Geomancy

   Spells                             Type                      Level
   a - Sandblast                      Earth                        1
   b - Passwall                       Transmutation/Earth          2
   c - Stone Arrow                    Conjuration/Earth            3
   d - Petrify                        Transmutation/Earth          4
   e - Lee's Rapid Deconstruction     Earth                        5
 J - a book of Misfortune

   Spells                             Type                      Level
   a - Confusing Touch                Hexes                        1
   b - Confuse                        Hexes                        3
   c - Gell's Gravitas                Translocation                3
   d - Petrify                        Transmutation/Earth          4
   e - Metabolic Englaciation         Hexes/Ice                    5
   f - Yara's Violent Unravelling     Hexes/Transmutation          5
 M - a book of Battle

   Spells                             Type                      Level
   a - Infusion                       Charms                       1
   b - Shroud of Golubria             Charms/Translocation         2
   c - Song of Slaying                Charms                       2
   d - Spectral Weapon                Hexes/Charms                 3
   e - Regeneration                   Charms/Necromancy            3
Comestibles
 c - 9 bread rations
 k - 2 royal jellies
 Q - 3 meat rations
 S - 3 fruits


   Skills:
 + Level 9.1 Fighting
 + Level 6.7 Dodging
 * Level 10.4 Unarmed Combat
 - Level 6.5 Spellcasting
 - Level 3.0 Charms
 - Level 3.0 Translocations
 - Level 9.8 Transmutations
 + Level 2.0 Invocations


You had 6 spell levels left.
You knew the following spells:

 Your Spells              Type           Power        Failure   Level  Hunger
a - Beastly Appendage     Tmut           ####..       2%          1    None
b - Spider Form           Tmut/Pois      ###.......   17%         3    ##.....
c - Blade Hands           Tmut           ####......   19%         5    ######.
d - Ice Form              Ice/Tmut       ###.....     41%         4    ####...
e - Shroud of Golubria    Chrm/Tloc      ##........   17%         2    #......
f - Passwall              Tmut/Erth      ###.......   11%         2    #......


Dungeon Overview and Level Annotations

Branches:
Dungeon (10/15)            Temple (0/1) D:6            Lair (2/6) D:10
  Snake (0/4) Lair:2          Orc (0/2) D:9
  Swamp: Lair:2-4    Shoals: Lair:2-4

Altars:
Ashenzari
Cheibriados
Dithmenos
Gozag
Makhleb
Nemelex Xobeh
Okawaru
Ru
Sif Muna
Trog
Zin
The Shining One

Shops:
D:10 *


Innate Abilities, Weirdness & Mutations

((You can walk through water.))
((Your dull iron-grey scales are very hard. (AC +12)))
You cannot fit into any form of body armour.
((You can survive without breathing.))
((You are cold-blooded and may be slowed by cold attacks.))


Message History

The four-headed hydra completely misses you.
You take 17 damage, and have 23/97 hp.
Spoiler Alert: The four-headed hydra can hit for high damage in melee!
You hit the four-headed hydra.
Spoiler Alert: The four-headed hydra can hit for high damage in melee!
You bite the four-headed hydra! The four-headed hydra bites you!
* * * LOW HITPOINT WARNING * * *
The four-headed hydra bites you.
* * * LOW HITPOINT WARNING * * *
The four-headed hydra bites you.
* * * LOW HITPOINT WARNING * * *
The four-headed hydra closely misses you.
You take 19 damage, and have 4/97 hp.
Spoiler Alert: The four-headed hydra can hit for high damage in melee!
You feel better.
The four-headed hydra completely misses you.
The four-headed hydra bites you!
* * * LOW HITPOINT WARNING * * *
The four-headed hydra bites you!
You die...

.. ......... ...
......... ....
.........
#P..###........
............#..
........>...P..
.......D.......
......#s.......
....
.......#........
....
.#..P...#........
....
..............#..
....
..................
....
..................
....
..................
....
...............###
...P..#.#......#


You could see a four-headed hydra.

Vanquished Creatures
  Fannar (D:10)
  2 hydras (Lair:2)
  An unseen horror (D:10)
  A cyclops (D:9)
  A gargoyle (Lair:1)
  2 komodo dragons (Lair:1)
  A troll (D:9)
  2 hippogriffs
  9 blink frogs
  12 yaks
  A vampire (D:9)
  A spriggan (D:8)
  A wyvern (D:10)
  2 hungry ghosts
  A water moccasin (Lair:1)
  2 black bears
  6 orc warriors
  A phantom (D:8)
  An eye of draining (D:10)
  8 ogres
  A necrophage (D:8)
  3 centaurs
  4 crocodiles
  A big kobold (D:9)
  9 bullfrogs
  4 scorpions
  15 killer bees
  An electric eel (Lair:2)
  8 wights
  4 howler monkeys
  9 crimson imps
  7 jellies
  2 bullfrog skeletons
  A centaur skeleton (D:7)
  3 orc priests (D:5)
  8 hounds
  7 orc wizards
  An iguana (D:4)
  13 worker ants
  9 adders
  4 gnolls (D:3)
  A howler monkey skeleton (D:5)
  4 shadow imps
  3 oozes
  An adder zombie (D:5)
  An adder skeleton (D:8)
  2 worms (D:3)
  3 dart slugs (D:1)
  9 leopard geckos
  45 orcs
  12 giant cockroaches
  13 hobgoblins
  21 jackals
  12 kobolds
  A quokka (D:5)
  2 ball pythons (D:3)
  8 bats
  7 frilled lizards
  A giant cockroach zombie (D:5)
  8 goblins
  A jackal skeleton (D:4)
  6 rats
331 creatures vanquished.

Vanquished Creatures (collateral kills)
  A blink frog (Lair:2)
  A basilisk (Lair:2)
2 creatures vanquished.

Vanquished Creatures (others)
  2 fungi (Lair:2)
2 creatures vanquished.

Grand Total: 335 creatures vanquished

Notes
Turn   | Place    | Note
-------+----------+-------------------------------------------
     0 | D:1      | veneficus the Draconian Transmuter began the quest for the Orb.
     0 | D:1      | Reached XP level 1. HP: 16/16 MP: 3/3
    85 | D:1      | Reached XP level 2. HP: 11/23 MP: 3/5
  1375 | D:1      | Reached XP level 3. HP: 17/29 MP: 6/6
  1892 | D:1      | Learned a level 3 spell: Spider Form
  2087 | D:2      | Found a burning altar of Makhleb.
  2378 | D:2      | Reached XP level 4. HP: 37/37 MP: 7/7
  3328 | D:3      | Reached XP level 5. HP: 44/44 MP: 9/9
  3330 | D:3      | Found a deep blue altar of Sif Muna.
  3535 | D:3      | Learned a level 5 spell: Blade Hands
  4640 | D:4      | Reached XP level 6. HP: 33/51 MP: 11/11
  4792 | D:4      | Got a jewelled hunting sling
  4830 | D:4      | Reached skill level 5 in Transmutations
  5016 | D:4      | Found a sparkling altar of Nemelex Xobeh.
  5667 | D:4      | Your scales start taking on a dull iron-grey colour.
  5667 | D:4      | Reached XP level 7. HP: 25/58 MP: 9/13
  5667 | D:4      | Gained mutation: You can survive without breathing. [Grey Draconian growth]
  5770 | D:4      | Found a shattered altar of Ashenzari.
  5836 | D:3      | HP: 2/59 [poisoned by a worker ant]
  5843 | D:3      | HP: 2/59 [poisoned by a worker ant]
  5851 | D:3      | HP: 1/59 [poisoned by a worker ant]
  6445 | D:5      | Entered Level 5 of the Dungeon
  7733 | D:5      | Found a sacrificial altar of Ru.
  7772 | D:5      | Reached XP level 8. HP: 64/67 MP: 11/15
  7903 | D:5      | Found a glowing golden altar of the Shining One.
  8267 | D:5      | Reached skill level 5 in Fighting
  8295 | D:6      | Found a snail-covered altar of Cheibriados.
  8296 | D:6      | Found a shadowy altar of Dithmenos.
  8296 | D:6      | Found a shattered altar of Ashenzari.
  8296 | D:6      | Found an opulent altar of Gozag.
  8298 | D:6      | Found a burning altar of Makhleb.
  8299 | D:6      | Found a glowing silver altar of Zin.
  8299 | D:6      | Found a snail-covered altar of Cheibriados.
  8300 | D:6      | Found a staircase to the Ecumenical Temple.
  8300 | D:6      | Found a shattered altar of Ashenzari.
  8300 | D:6      | Found a snail-covered altar of Cheibriados.
  8300 | D:6      | Found an iron altar of Okawaru.
  8300 | D:6      | Found a snail-covered altar of Cheibriados.
  8301 | D:6      | Found a deep blue altar of Sif Muna.
  8309 | D:6      | Reached skill level 5 in Spellcasting
  8313 | D:6      | Became a worshipper of Makhleb the Destroyer
  8357 | D:6      | Learned a level 4 spell: Ice Form
  8538 | D:6      | Reached skill level 4 in Unarmed Combat
  9713 | D:7      | Identified the cursed +2 hunting sling of Mesozef {flame, Str+4 Dex+2} (You found it on level 4 of the Dungeon)
  9958 | D:7      | Reached skill level 5 in Unarmed Combat
 10219 | D:7      | Reached XP level 9. HP: 75/75 MP: 10/16
 10339 | D:7      | Reached * piety under Makhleb
 10473 | D:7      | Learned a level 2 spell: Shroud of Golubria
 11451 | D:8      | Reached skill level 6 in Unarmed Combat
 11494 | D:8      | Found a bloodstained altar of Trog.
 11737 | D:8      | Reached skill level 1 in Charms
 12155 | D:8      | Reached ** piety under Makhleb
 12418 | D:8      | Found a glowing silver altar of Zin.
 12570 | D:9      | Reached skill level 7 in Unarmed Combat
 12688 | D:9      | Reached XP level 10. HP: 69/84 MP: 12/18
 13059 | D:9      | Reached skill level 5 in Dodging
 13081 | D:9      | Found Riasatt's Armour Boutique.
 13081 | D:9      | Found a staircase to the Orcish Mines.
 13099 | D:9      | Reached skill level 8 in Unarmed Combat
 13620 | D:9      | Noticed a cyclops
 13652 | D:9      | Killed a cyclops
 13652 | D:9      | Reached skill level 1 in Translocations
 14079 | D:10     | Entered Level 10 of the Dungeon
 14248 | D:10     | Found a staircase to the Lair.
 14267 | D:10     | Reached *** piety under Makhleb
 14595 | D:10     | Killed an unseen horror
 14595 | D:10     | Reached XP level 11. HP: 82/94 MP: 17/20
 14628 | D:10     | Found Quza's Assorted Antiques.
 14636 | D:10     | Found a shadowy altar of Dithmenos.
 14642 | D:10     | Noticed Fannar
 14652 | D:10     | Killed Fannar
 15337 | Lair:1   | Entered Level 1 of the Lair of Beasts
 15453 | Lair:1   | Identified the Reference Book on Confrontation and the Oath
 15485 | Lair:1   | Learned a level 2 spell: Passwall
 15542 | Lair:1   | Reached skill level 9 in Unarmed Combat
 16728 | Lair:2   | Reached **** piety under Makhleb
 16728 | Lair:2   | Reached skill level 10 in Unarmed Combat
 17080 | Lair:2   | Found a staircase to the Snake Pit.
 17084 | Lair:2   | Noticed a six-headed hydra
 17419 | Lair:2   | Noticed a four-headed hydra
 17433 | Lair:2   | Killed a four-headed hydra
 17433 | Lair:2   | Reached skill level 1 in Invocations
 17552 | Lair:2   | Killed a six-headed hydra
 17588 | Lair:2   | Noticed a four-headed hydra
 17603 | Lair:2   | HP: 4/97 [four-headed hydra (2)]
 17604 | Lair:2   | HP: 1/97 [four-headed hydra (9)]
 17604 | Lair:2   | Mangled by a four-headed hydra

Skill      XL: |  1  2  3  4  5  6  7  8  9 10 11 |
---------------+----------------------------------+-----
Fighting       | 2 3 4 5 6 7 9 |  9.1
Transmutations | 3 4 5 6 7 8 9 |  9.8
Spellcasting   | 3 4 5 6 |  6.5
Dodging        | 3 4 5 6 |  6.7
Unarmed Combat | 5 7 8 10 | 10.4
Charms         | 2 3 |  3.0
Translocations | 1 3 |  3.0
Invocations    | 2 |  2.0

Action                   |  1- 3 |  4- 6 |  7- 9 | 10-12 || total
-------------------------+-------+-------+-------+-------++-------
Melee: Unarmed           |    94 |   109 |   260 |   305 ||   768
       Kick              |     2 |     1 |       |       ||     3
       Tailslap          |    17 |    11 |    39 |    23 ||    90
       Headbutt          |     1 |       |       |       ||     1
       Dagger            |    47 |   143 |   150 |       ||   340
       Punch             |       |     1 |     7 |     5 ||    13
 Fire: Hunting sling     |       |       |    10 |    13 ||    23
 Cast: Beastly Appendage |     4 |     1 |       |     1 ||     6
       Spider Form       |       |    14 |    16 |    14 ||    44
       Blade Hands       |       |       |    32 |    27 ||    59
       Shroud of Golubri |       |       |       |     6 ||     6
Invok: Lesser Servant of |       |       |       |     2 ||     2
 Abil: End Transformatio |       |       |       |     1 ||     1
  Use: Scroll            |       |       |    14 |     6 ||    20
       Potion            |       |       |       |     1 ||     1
 Stab: Sleeping          |     3 |     2 |     1 |     1 ||     7
  Eat: Chunk             |     5 |    12 |    18 |    22 ||    57
       Royal jelly       |       |       |     4 |     1 ||     5
       Fruit             |       |       |     2 |     1 ||     3
       Bread ration      |       |       |     2 |       ||     2
Armor: Skin              |    44 |    45 |   124 |    43 ||   256
Dodge: Dodged            |    96 |   190 |   290 |   316 ||   892
